[Event "Late-Titled-Tuesday-Blitz-April-16-2024"]
[Site "Chess.com"]
[Date "2024.04.16"]
[Round "2"]
[White "rynos0411"]
[Black "Chempiblinka"]
[Result "1-0"]
[WhiteElo "2597"]
[BlackElo "2371"]
[TimeControl "180+1"]
[EndTime "14:19:43 PDT"]
[Termination "rynos0411 won on time"]

1. d4 d5 2. c4 e6 3. Nf3 Nf6 4. Nc3 Nbd7 5. Bf4 dxc4 6. e3 Nb6 7. Ne5 Nfd5 8. Nxc4 Nxf4 9. exf4 Be7 10. Ne5 O-O 11.
Bd3 Nd5 12. Ne2 Bb4+ 13. Kf1 f6 14. Nf3 Bd6 15. Qd2 b6 16. Rc1 Bb7 17. h4 c6 18.
h5 Qc7 19. Rh4 Rae8 20. Qc2 f5 21. Ne5 Nb4 22. Qd2 Nxd3 23. Qxd3 c5 24. h6 g6 25. Rh3 Be4 26. Qc3 Qb7 27. Rg3 Bxe5 28. dxe5 Rd8 29. Kg1 Bd5 30. b3 Qe7 31. Qe3 a5 32.
Nc3 Bb7 33. Nb5 Rd5 34. Nd6 Bc6 35. Rg5 Ra8 36. a4 Kh8 37. Kh2 Ra7 38. Kg3 Qf8 39. Rh1 Rd4 40. f3 Rd7 41. Kf2 Bd5 42. Rh4 Rb4 43. g4 Rxb3 44. Qd2 Rxf3+ 45. Kg1 Rg3+ 46. Kh2 Rg2+ 47. Qxg2 Bxg2 48. Kxg2 Rxd6 49. exd6 Qxd6 50.
gxf5 exf5 51. Rh3 Qd2+ 52. Kf3 Qd3+ 53. Kg2 Qe2+ 54. Kg3 Qe3+ 55. Kg2 Qxf4 56. Rgg3 Qd2+ 57. Kh1 Kg8 58. Rd3 Qe1+ 59. Kh2 Qf2+ 60. Kh1 Kf7 61. Rhe3 Kf6 62. Rf3 Qh4+ 63. Kg2 Qxh6 64. Rd6+ Kg5 65. Rxb6 Qh4 66. Rg3+ Kf4 67. Rf3+ Ke4 68. Re6+ Kd5 69.
Re2 Qg4+ 70. Kf2 h5 71. Rd2+ Kc6 72. Rdd3 h4 73. Rc3 h3 74. Rxh3 g5 75. Rhg3 Qf4+ 76. Kg2 g4 77. Rce3 Qd4 78. Re6+ Kd5 79. Rge3 1-0

[Event "Late-Titled-Tuesday-Blitz-April-16-2024"]
[Site "Chess.com"]
[Date "2024.04.16"]
[Round "2"]
[White "Valiyev_Shahin"]
[Black "WilsonPalencia21"]
[Result "1-0"]
[WhiteElo "2426"]
[BlackElo "2572"]
[TimeControl "180+1"]
[EndTime "14:19:44 PDT"]
[Termination "Valiyev_Shahin won on time"]

1. e4 c5 2. b3 d6 3. Bb2 Nd7 4. Nf3 Ngf6 5. e5 dxe5 6. Nxe5 a6 7. a4 e6 8. Na3 Bd6 9. Nac4 Bc7 10. a5 O-O 11.
Bd3 Nxe5 12. Bxe5 Bxe5 13. Nxe5 Qd5 14. Qe2 Qxg2 15. O-O-O Qd5 16. Rhg1 Qd4 17. Kb1 Qf4 18.
Rg3 Rd8 19. Rdg1 g6 20. Rf3 Qh4 21. Qe3 Rd4 22. c3 Nd5 23. Qe1 Rf4 24. Rfg3 Ne7 25. Qe3 c4 26. Nxc4 Nd5 27. Qc5 Bd7 28. Qd6 Be8 29.
Nb6 Rd8 30. Qc5 Nxb6 31. Qxb6 Qe7 32. Qe3 Rf6 33. b4 Qd6 34. h4 Kf8 35. h5 Qf4 36.
hxg6 hxg6 37. Qe2 Qd6 38. Qe3 Bb5 39. Qh6+ Ke7 40. Bxb5 axb5 41. d4 Qd5 42. Qh4 Qf5+ 43. Kb2 Qf4 44. Qxf4 Rxf4 45. R1g2 Rd5 46. Kc2 Rdf5 47.
Kd3 Rxf2 48. Rxf2 Rxf2 49. d5 exd5 50. Kd4 Kd6 51. Rh3 Rf4+ 52. Ke3 Rc4 53. Kd3 Rf4 54. Rh8 g5 55. Rd8+ Kc6 56. Rc8+ Kd7 57. Rc5 Rf5 58. Rxb5 g4 59. Rxb7+ Kc6 60. Rb8 Kc7 61. Rg8 Rf4 62. b5 f5 63. Rg7+ Kc8 64. a6 Ra4 65. Kc2 Ra5 66. Rb7 g3 67. Kb3 f4 68. Kb4 Ra1 69.
Rg7 d4 70. Kc5 dxc3 71. Kc6 Kd8 72. a7 g2 73. Rxg2 Rxa7 74. Rg8+ Ke7 75. Rg7+ Kf6 76.
Rxa7 f3 77. Ra1 Ke5 78. b6 1-0

[Event "Late-Titled-Tuesday-Blitz-April-16-2024"]
[Site "Chess.com"]
[Date "2024.04.16"]
[Round "2"]
[White "simaopdias"]
[Black "ural58"]
[Result "0-1"]
[WhiteElo "2261"]
[BlackElo "2503"]
[TimeControl "180+1"]
[EndTime "14:19:58 PDT"]
[Termination "ural58 won by checkmate"]

1. e4 d5 2. exd5 Qxd5 3. Nc3 Qa5 4. d4 Nf6 5. Bd2 Bg4 6. Be2 Bxe2 7. Ngxe2 e6 8. Ne4 Qb6 9. Nxf6+ gxf6 10. Bc3 Nc6 11.
a4 Bb4 12. Qd2 O-O-O 13. a5 Bxc3 14. bxc3 Nxa5 15. O-O Nc4 16. Qf4 f5 17. Rfb1 Qd6 18.
Qf3 Qd5 19. Qxd5 exd5 20. Rxa7 b6 21. Ng3 f4 22. Nh5 f3 23. Ra8+ Kb7 24. Rxd8 Rxd8 25. Re1 Rg8 26. g3 Rg6 27. Nf4 Rd6 28. Nd3 Na3 29.
Re7 Re6 30. Rxf7 Nxc2 31. Rxf3 Kc6 32. Rf7 h6 33. h4 Kd6 34. Ne5 Re7 35. Rf6+ Re6 36.
Rf7 Re7 37. Rf6+ Re6 38. Rf8 c5 39. Rd8+ Kc7 40. Rxd5 cxd4 41. cxd4 Nxd4 42. Rd7+ Kc8 43. Rxd4 Rxe5 44. f4 Rc5 45. Kf2 b5 46. g4 Rc2+ 47. Kf3 Kc7 48. g5 Rh2 49. Kg4 Rg2+ 50. Kf5 Kc6 51.
gxh6 Rg8 52. Kf6 Kc5 53. Rd7 Rg4 54. Kf5 Rxh4 55. Kg5 Rh1 56. h7 b4 57. Rc7+ Kb6 58. Rf7 b3 59. Re7 b2 60. Re8 Kc7 61. h8=Q Rxh8 62.
Rxh8 b1=Q 63. Rh7+ Kd6 64. f5 Qg1+ 65. Kf6 Qd4+ 66. Kg6 Qg4+ 67. Kf6 Qd4+ 68. Kg6 Qe5 69. Rf7 Qg3+ 70. Kf6 Qg8 71. Rg7 Qd8+ 72. Kg6 Ke5 73. Rf7 Qh4 74. f6 Kf4 75. Kg7 Qg5+ 76. Kf8 Kf5 77.
Ke7 Qe3+ 78. Kf8 Qc5+ 79. Kg7 Kg5 80. Kg8 Qe5 81. Rf8 Kg6 82. f7 Qg7# 0-1

[Event "Late-Titled-Tuesday-Blitz-April-16-2024"]
[Site "Chess.com"]
[Date "2024.04.16"]
[Round "2"]
[White "carloseduar100"]
[Black "Viktoker"]
[Result "0-1"]
[WhiteElo "2245"]
[BlackElo "2492"]
[TimeControl "180+1"]
[EndTime "14:20:00 PDT"]
[Termination "Viktoker won on time"]

1. e4 c6 2. Nf3 d5 3. Nc3 dxe4 4. Nxe4 Nf6 5. Nxf6+ exf6 6. g3 Bd6 7. Bg2 Qe7+ 8.
Qe2 Qxe2+ 9. Kxe2 O-O 10. Re1 Na6 11. Kf1 Bf5 12. c3 Bd3+ 13. Kg1 Rae8 14. b3 Re6 15. Re3 Rxe3 16. fxe3 Rd8 17. Ne1 Be5 18. Nxd3 Rxd3 19.
Bf1 Rd7 20. d4 Bc7 21. Bb2 Bb6 22. Kf2 Nc7 23. Bd3 Ne6 24. Rd1 Bc7 25. c4 h5 26. Be2 h4 27. e4 Ng5 28. Bd3 Bb6 29. c5 hxg3+ 30. hxg3 Bc7 31. b4 Re7 32. Re1 f5 33. e5 g6 34. Rh1 Rd7 35. Ke3 Ne6 36. Bc4 Bd8 37. a3 Bg5+ 38. Kd3 f4 39. Bxe6 fxe6 40. Bc1 Rf7 41. Rf1 Bh6 42. gxf4 Kf8 43. Ke4 Rh7 44. Rh1 Kg8 45. a4 Kg7 46. b5 Rh8 47. Bd2 Rc8 48. b6 a6 49. Kf3 Rd8 50.
Be3 Rf8 51. Kg4 Rf5 52. Rh2 Rf7 53. Rxh6 Kxh6 54. f5+ Kg7 55. f6+ Kh7 56. Kg5 Rd7 57. Bf2 Rf7 58. a5 Rd7 59. Be3 Rf7 60. Bf2 Rf8 61.
Be1 Rd8 62. Bf2 Rd7 63. Be3 Rf7 64. Kg4 Rd7 65. Kf3 g5 66. Kg4 Kg6 67. Bf2 Rd8 68. Be3 Rd7 69. Bf2 Rh7 70. Bg3 Rh1 71. f7 Kxf7 72.
Kxg5 Rd1 73. Bf2 Ra1 74. Kf4 Rxa5 75. Ke3 Ra3+ 76. Kd2 Ra2+ 77. Ke1 Kg6 78. Be3 Kf5 79. Kd1 Ke4 0-1

[Event "Late-Titled-Tuesday-Blitz-April-16-2024"]
[Site "Chess.com"]
[Date "2024.04.16"]
[Round "2"]
[White "Caracal3000"]
[Black "AEMEffi"]
[Result "1/2-1/2"]
[WhiteElo "2495"]
[BlackElo "2272"]
[TimeControl "180+1"]
[EndTime "14:20:02 PDT"]
[Termination "Game drawn by repetition"]

1. e4 e5 2. Nf3 Nc6 3. Nc3 Nf6 4. d4 exd4 5. Nxd4 Bb4 6. Nxc6 dxc6 7. Qxd8+ Kxd8 8.
Bd2 Be6 9. O-O-O Kc8 10. Bd3 a5 11. a3 Bc5 12. e5 Ng4 13. Ne4 Bb6 14. f4 Ne3 15. Rdg1 h6 16. Kb1 Rd8 17. Bxe3 Bxe3 18.
Rf1 g6 19. h3 b5 20. Rf3 Bd4 21. g4 b4 22. a4 c5 23. b3 Bd5 24. Re1 Kb7 25.
Rff1 Bxe4 26. Bxe4+ c6 27. e6 Bc3 28. Rd1 fxe6 29.
Bxg6 Rd4 30. Rxd4 Bxd4 31. Re1 Rf8 32. f5 exf5 33. gxf5 Kc7 34. Re7+ Kd6 35. Re6+ Kd7 36. Kc1 Rf6 37. Rxf6 Bxf6 38. Kd1 Kd6 39. Ke2 Ke5 40.
Kd3 Kd5 41. Bf7+ Kd6 42. Be6 Be5 43. Kc4 Bf6 44. Bc8 Be5 45. Kd3 Bf6 46. Ke4 Bg5 47. Kf3 Ke5 48. Bd7 h5 49. Kg3 Bf6 50. h4 Be7 51.
Bxc6 Kxf5 52. Be8 Bd6+ 53. Kh3 Ke4 54. Bxh5 Kd4 55. Bg6 c4 56. bxc4 Kc3 57. h5 b3 58.
cxb3 Kxb3 59. Be8 Kxc4 60. Kg4 Kd5 61. Kf5 Be5 62. h6 Kd6 63. h7 Bh8 64. Kg6 Ke7 65.
Bb5 Bd4 66. Kh6 Bh8 67. Kg6 Bd4 68. Bc4 Bh8 69. Kf5 Bd4 70. Ke4 Bh8 71. Kd5 Kd7 72. Bb5+ Ke7 73. Kc6 Bc3 74. Bc4 Kf8 75. Bg8 Kg7 76. Kb5 Bb4 77. Kc4 Be1 78. Kd5 Bb4 79.
Ke6 Kh8 80. Kf7 Be1 81. Kg6 Bb4 82. Bf7 Be1 83. Bc4 Bb4 84. Bb5 Be1 85. Kf5 Bb4 86.
Ke6 Be1 87. Bd3 Bb4 88. Kd5 Be1 89. Kd4 Bb4 90. Kc4 Be1 91. Kb5 Bb4 92. Kc4 Be1 93.
Kd4 Bb4 94. Ke3 Be1 95. Ke2 Bb4 96. Kf2 Kg7 97. Ke2 Kh8 98. Kf3 Kg7 99. Ke4 Kh8 100.
Kd4 Kg7 101. Kc4 Kh8 102. Kd5 Kg7 103. Ke5 Kh8 104. Ke6 Kg7 105. Kf5 Kh8 106. Kg5 Kg7 107. Kh5 Kh8 108. Kg5 Kg7 109. Kf4 Kh8 110. Ke4 Kg7 111. Kd4 Kh8 1/2-1/2

[Event "Late-Titled-Tuesday-Blitz-April-16-2024"]
[Site "Chess.com"]
[Date "2024.04.16"]
[Round "2"]
[White "AktilekAskarovich"]
[Black "Mariia89"]
[Result "1-0"]
[WhiteElo "2490"]
[BlackElo "2244"]
[TimeControl "180+1"]
[EndTime "14:20:07 PDT"]
[Termination "AktilekAskarovich won by checkmate"]

1. d4 Nf6 2. c4 c5 3. d5 b5 4. Nf3 bxc4 5. Nc3 d6 6. e4 g6 7.
Bxc4 Bg7 8. O-O O-O 9. Re1 Nbd7 10. e5 dxe5 11. Nxe5 Nxe5 12. Rxe5 Ne8 13. Re1 Nd6 14. Bf1 Re8 15. Bg5 Rb8 16. Qd2 Bd7 17.
a4 Nf5 18. Nb5 a6 19. Nc3 Nd4 20. Ra3 Rb6 21. a5 Rb3 22. Rxb3 Nxb3 23. Qc2 Nxa5 24.
Bxa6 Qb6 25. Bf1 e6 26. Na4 Qb4 27. Bd2 Qxa4 28. Qxa4 Bxa4 29. Bxa5 exd5 30. Rxe8+ Bxe8 31. b3 Bc6 32. Bb6 Bd4 33. b4 Bc3 34. Bxc5 d4 35.
Bd3 Kg7 36. b5 Bb7 37. f3 f5 38. Kf2 Kf6 39. Ke2 Ke5 40. g3 Kd5 41. Bf8 Ba5 42.
h4 Bb6 43. g4 Ke5 44. Bg7+ Ke6 45. gxf5+ gxf5 46. Bh8 Bd5 47. Bg7 Bb7 48. Bf8 Bd5 49. Kf2 Bb7 50. Bh6 Bc7 51. Bd2 Bb6 52. Bb4 Bd5 53.
Kg3 Bb7 54. Kf4 Bc7+ 55. Kg5 Be5 56. Bxf5+ Kd5 57. Bf8 Kc4 58. b6 Kb5 59. Kh6 Kxb6 60. Bg4 d3 61. Kxh7 d2 62. f4 Bxf4 63. h5 Be3 64. h6 Be4+ 65. Kg7 Kb5 66. Bd1 Kc4 67.
h7 Bxh7 68. Kxh7 Kc3 69. Bg7+ Kd3 70. Kg6 Bd4 71. Bh6 Bc3 72. Kf5 Kc4 73. Ke4 Kb4 74. Kd3 Bb2 75. Bxd2+ Kc5 76. Be3+ Kd6 77. Ke4 Ke6 78.
Bb3+ Kd6 79. Bf4+ Kc6 80. Bd5+ Kc5 81. Bh6 Kb6 82. Be3+ Kb5 83. Kd3 Ka6 84. Bc6 Ka5 85. Kc4 Ba3 86. Bg5 Bf8 87. Bb5 Kb6 88. Be3+ Kc7 89.
Kd5 Bd6 90. Bc6 Bg3 91. Bg1 Bd6 92. Bd4 Bf4 93. Bc3 Bd6 94. Ba5+ Kc8 95. Kxd6 Kb8 96.
Bb5 Ka7 97. Kc5 Kb7 98. Bc6+ Kc8 99. Bb6 Kb8 100. Kb5 Kc8 101. Ka6 Kb8 102. Bd7 Ka8 103. Bd4 Kb8 104. Be5+ Ka8 105. Bc6# 1-0

[Event "Late-Titled-Tuesday-Blitz-April-16-2024"]
[Site "Chess.com"]
[Date "2024.04.16"]
[Round "2"]
[White "zacachess"]
[Black "Slovak_fighter2000"]
[Result "1/2-1/2"]
[WhiteElo "2356"]
[BlackElo "2529"]
[TimeControl "180+1"]
[EndTime "14:20:17 PDT"]
[Termination "Game drawn by agreement"]

1. e4 c5 2. Nf3 Nc6 3. Bb5 e6 4.
Bxc6 bxc6 5. d3 Ne7 6. Qe2 Ng6 7. h4 h5 8. e5 f6 9. Qe4 Kf7 10. Bf4 Be7 11. g3 fxe5 12. Nxe5+ Nxe5 13. Bxe5 d6 14. Bf4 e5 15. Be3 Bf6 16. Nd2 d5 17.
Qg2 Qd6 18. Nf3 Bf5 19. Ng5+ Kg6 20. O-O Rab8 21. b3 Rhe8 22. Rad1 a6 23. f3 Rh8 24. Qf2 Bxg5 25. Bxg5 Rhf8 26. Be3 d4 27. Bd2 Rbe8 28. Qg2 Kh7 29. Rde1 Bg6 30. g4 Qd5 31. gxh5 Bxh5 32. Re4 Rf5 33. Rf2 Ref8 34. f4 exf4 35. Rexf4 Qxg2+ 36. Kxg2 Rxf4 37. Rxf4 Re8 38. Rf2 Bd1 39. Bf4 Rf8 40. Bd6 Rxf2+ 41. Kxf2 Bxc2 42. Bxc5 Bxd3 43. Bxd4 Bb1 44. a3 Bc2 45. b4 Kh6 46.
Kg3 g6 47. Be3+ Kh5 48. Bg5 Ba4 49. Kf4 Bb5 50. Ke5 Kg4 51. Kd4 Kf5 52. Kc5 Ke4 53.
Kb6 Kd5 54. Be3 Kc4 55. Ka5 Kb3 56. Bc1 Kc2 57. Bg5 Kb3 58. Bc1 Bf1 59. Kb6 Kc2 60. Bf4 Bb5 61. Ka5 Kb2 62. a4 Bc4 63. Kb6 Kc3 64.
Kc5 Be2 65. Be5+ Kb3 66. Bf6 Kxa4 67. Kxc6 Kxb4 68. Be7+ Kb3 69. Bd8 Kb4 70. Kd6 a5 71. Ke5 Bh5 72. Be7+ Kb3 73. Kd4 a4 74. Bf6 a3 75.
Kd3 a2 76. Kd2 Bg4 77. Kc1 Bf5 78. Bg7 Be4 79. Bf6 Bd5 80. Bg7 Kc4 81. Kb2 Kd3 82.
Bf6 Ke4 83. Bg5 Kf5 84. Ka1 Kg4 85. Bd8 Kh5 86. Bg5 Kg4 87. Bd8 Kf5 88. Bg5 Be6 89. Bd8 Bf7 90. Bg5 Ke6 91. Bd8 Kd7 92. Bg5 Be6 93.
Bf4 Kc6 94. Bg5 Kd5 95. Bf4 Ke4 96. Bg5 Kf5 97. Bd8 Kg4 98. Bg5 1/2-1/2

[Event "Late-Titled-Tuesday-Blitz-April-16-2024"]
[Site "Chess.com"]
[Date "2024.04.16"]
[Round "2"]
[White "HamedWafa4"]
[Black "MathiasWomacka"]
[Result "1/2-1/2"]
[WhiteElo "2766"]
[BlackElo "2497"]
[TimeControl "180+1"]
[EndTime "14:20:29 PDT"]
[Termination "Game drawn by 50-move rule"]

1. e4 c5 2. Nc3 Nc6 3. Nf3 e5 4. Bc4 Be7 5. d3 d6 6. a3 Nf6 7. O-O O-O 8. Rb1 Nd4 9. h3 Be6 10. Nd5 Nxd5 11. exd5 Nxf3+ 12. Qxf3 Bd7 13. b4 cxb4 14.
axb4 Bg5 15. Bb2 f5 16. Ra1 Qe7 17. Rfe1 a6 18. Bc1 Rae8 19. Bxg5 Qxg5 20. Bb3 e4 21. dxe4 fxe4 22. Qe3 Qg6 23. Qg3 Qxg3 24. fxg3 e3 25. g4 Rf4 26. c3 Bb5 27. Rac1 Bc4 28. Bxc4 Rxc4 29. Kf1 Re5 30. Rc2 g5 31. Rd1 e2+ 32.
Rxe2 Rxe2 33. Kxe2 Rxc3 34. Rd4 Rb3 35. Re4 Kf7 36.
Kf2 b5 37. Kg1 Kf8 38. Kh2 Kf7 39. Kg1 Kf8 40. Kf1 Kf7 41. Ke2 Rb2+ 42. Kd3 Rxg2 43. Re6 Rg3+ 44. Kd4 Rxh3 45. Rxd6 Rg3 46. Rd7+ Kf6 47.
Rd6+ Ke7 48. Rxa6 Rxg4+ 49. Ke5 Rxb4 50. Ra7+ Ke8 51. d6 Rb1 52. Rxh7 Re1+ 53. Kd5 b4 54. Rb7 g4 55. Rb8+ Kd7 56. Rb7+ Kd8 57. Rxb4 Rd1+ 58. Ke6 Re1+ 59. Kf5 Rd1 60. Ke5 Re1+ 61. Kd5 Rd1+ 62. Kc6 Rc1+ 63. Kb6 Rd1 64. Rxg4 Rxd6+ 65. Kc5 Rf6 66.
Rg7 Ke8 67. Kd5 Kf8 68. Rc7 Ra6 69. Ke5 Rb6 70. Kf5 Ra6 71. Rb7 Rc6 72. Ke5 Ra6 73. Rb8+ Ke7 74. Rb7+ Kd8 75. Kd5 Kc8 76. Rg7 Rh6 77.
Ke4 Kd8 78. Kf5 Ke8 79. Kg5 Rb6 80. Rg8+ Kd7 81. Ra8 Kc6 82. Rc8+ Kb5 83. Rc1 Rc6 84. Rb1+ Kc5 85. Kf5 Kd6 86. Kf6 Kc7+ 87. Ke7 Rc2 88. Re1 Rc3 89. Re2 Kc6 90. Ke6 Kc5 91. Re5+ Kd4 92.
Rh5 Re3+ 93. Kd6 Re4 94. Ra5 Ke3 95. Ra3+ Kf4 96. Kd5 Re8 97. Ra4+ Ke3 98. Ra1 Kd3 99. Ra3+ Kc2 100. Kc4 Rc8+ 101. Kd4 Rd8+ 102. Ke4 Re8+ 103. Kd5 Rd8+ 104. Ke6 Rc8 105. Ra2+ Kb3 106. Ra6 Kc3 107. Kd7 Rc4 108. Ra3+ Kb4 109. Rh3 Rd4+ 110. Kc6 Kc4 111. Rh1 Kc3 112. Rc1+ Kd2 113. Ra1 Ke3 114. Kc5 Rd8 1/2-1/2

[Event "Late-Titled-Tuesday-Blitz-April-16-2024"]
[Site "Chess.com"]
[Date "2024.04.16"]
[Round "3"]
[White "ploxoi"]
[Black "PawnEatingZombie"]
[Result "0-1"]
[WhiteElo "2399"]
[BlackElo "2249"]
[TimeControl "180+1"]
[EndTime "14:22:56 PDT"]
[Termination "PawnEatingZombie won by resignation"]

1. d4 Nf6 2. c4 g6 3. Nf3 Bg7 4. g3 O-O 5. Bg2 d6 6. O-O Nc6 7. Nc3 e5 8. Qd3 Re8 9. e4 exd4 10. Nxd4 Nxd4 11. Qxd4 Nxe4 12. Qd3 Nxc3 13. bxc3 Qf6 14. Bd2 c6 15. Rab1 Bf5 0-1

[Event "Late-Titled-Tuesday-Blitz-April-16-2024"]
[Site "Chess.com"]
[Date "2024.04.16"]
[Round "3"]
[White "Kimkibo"]
[Black "ritanovikova"]
[Result "1-0"]
[WhiteElo "2384"]
[BlackElo "2157"]
[TimeControl "180+1"]
[EndTime "14:23:44 PDT"]
[Termination "Kimkibo won by resignation"]

1. d4 c5 2. d5 e6 3. c4 Nf6 4.
Nc3 d6 5. e4 e5 6. f4 exf4 7.
Nf3 Bg4 8. Bxf4 Nbd7 9. Be2 a6 10. O-O Be7 11. e5 Bxf3 12. exf6 Bxe2 13. fxg7 Rg8 14.
Qxe2 Rxg7 15. Bxd6 Nf6 16. Bxe7 Qxe7 17. Qxe7+ Kxe7 18. Rae1+ Kd7 19. Rxf6 1-0

[Event "Late-Titled-Tuesday-Blitz-April-16-2024"]
[Site "Chess.com"]
[Date "2024.04.16"]
[Round "3"]
[White "Fradi82"]
[Black "Mikhal867"]
[Result "0-1"]
[WhiteElo "2177"]
[BlackElo "2541"]
[TimeControl "180+1"]
[EndTime "14:23:59 PDT"]
[Termination "Mikhal867 won by resignation"]

1. e4 g6 2. d4 Bg7 3. c4 d6 4. Nc3 Nf6 5. f3 O-O 6. Be3 a6 7. Qd2 Re8 8. O-O-O Nc6 9. g4 e5 10. d5 Nd4 11. Bg2 c5 12. dxc6 bxc6 13. Nge2 c5 14. g5 Nh5 15. Nd5 Be6 16. Ng3 Bxd5 17. exd5 Nf4 18. Bxf4 exf4 19. Ne4 Rxe4 20. fxe4 f3 21.
Bf1 Rb8 22. b3 Rxb3 23. axb3 Nxb3+ 24. Kc2 Nxd2 25. Kxd2 Qxg5+ 26. Kc2 Qe5 27. Rd3 Qxe4 28. Bh3 Qxc4+ 29. Kd2 Bh6+ 0-1

[Event "Late-Titled-Tuesday-Blitz-April-16-2024"]
[Site "Chess.com"]
[Date "2024.04.16"]
[Round "3"]
[White "kinga2008"]
[Black "carloseduar100"]
[Result "1-0"]
[WhiteElo "2417"]
[BlackElo "2241"]
[TimeControl "180+1"]
[EndTime "14:24:12 PDT"]
[Termination "kinga2008 won by resignation"]

1. e4 e6 2. Nc3 d5 3. Nf3 Nf6 4.
exd5 exd5 5. d4 Bd6 6. Bd2 O-O 7. Be2 c6 8. O-O Bg4 9. h3 Bh5 10. Nh4 Bxe2 11. Qxe2 Re8 12. Qf3 Ne4 13. Nxe4 dxe4 14. Qg4 Re6 15. Nf5 Bf8 16. Nh6+ Rxh6 17. Bxh6 f5 18. Qg3 Qxd4 19. Be3 Qxb2 20. Rab1 Qxc2 21. Rxb7 Na6 22. Bd4 g6 23. Qe5 1-0

[Event "Late-Titled-Tuesday-Blitz-April-16-2024"]
[Site "Chess.com"]
[Date "2024.04.16"]
[Round "3"]
[White "bipe137"]
[Black "giomar27"]
[Result "1-0"]
[WhiteElo "2711"]
[BlackElo "2479"]
[TimeControl "180+1"]
[EndTime "14:24:14 PDT"]
[Termination "bipe137 won by resignation"]

1. d4 g6 2. c4 Bg7 3. Nc3 e6 4.
h4 Ne7 5. h5 d5 6. h6 Bf6 7.
Nf3 Nbc6 8. e4 dxe4 9. Nxe4 Bxd4 10. Nxd4 Qxd4 11. Bd3 f5 12. Be3 Qe5 13. f4 Qa5+ 14. Nc3 O-O 15. a3 b6 16. b4 Qa6 17. b5 Qa5 18. Bd2 Nd4 19. Ne2 Nxe2 20. Bxe2 Bb7 21.
Bxa5 1-0

[Event "Late-Titled-Tuesday-Blitz-April-16-2024"]
[Site "Chess.com"]
[Date "2024.04.16"]
[Round "3"]
[White "BeanScreen"]
[Black "GiorgianBarbosa"]
[Result "1-0"]
[WhiteElo "2658"]
[BlackElo "2451"]
[TimeControl "180+1"]
[EndTime "14:24:15 PDT"]
[Termination "BeanScreen won by resignation"]

1. e4 c5 2. Nf3 g6 3. d4 cxd4 4. Qxd4 Nf6 5. e5 Nc6 6. Qa4 Nd5 7. Qb3 Nc7 8. Bf4 Bg7 9. Nc3 O-O 10. O-O-O Ne6 11. Bg3 Qa5 12. h4 Nxe5 13. Nxe5 Bxe5 14. Rd5 Nc5 15. Qc4 Bxg3 16. Rxc5 Bf4+ 17. Kb1 Qc7 18. Rxc7 1-0

[Event "Late-Titled-Tuesday-Blitz-April-16-2024"]
[Site "Chess.com"]
[Date "2024.04.16"]
[Round "3"]
[White "chess_sharparchitect"]
[Black "MaiqMaster"]
[Result "1-0"]
[WhiteElo "2244"]
[BlackElo "2395"]
[TimeControl "180+1"]
[EndTime "14:24:22 PDT"]
[Termination "chess_sharparchitect won by resignation"]

1. c4 e6 2. e4 d5 3. exd5 exd5 4. cxd5 Nf6 5. Nc3 Nxd5 6. Bc4 c6 7. d4 Bb4 8. Ne2 O-O 9. O-O Bg4 10. Qb3 Bd6 11.
Bxd5 cxd5 12. Qxb7 Qh4 13. Ng3 Nd7 14. Qxd5 Bc7 15.
Bg5 1-0

[Event "Late-Titled-Tuesday-Blitz-April-16-2024"]
[Site "Chess.com"]
[Date "2024.04.16"]
[Round "3"]
[White "xasid81"]
[Black "Shankland"]
[Result "0-1"]
[WhiteElo "2645"]
[BlackElo "2888"]
[TimeControl "180+1"]
[EndTime "14:24:32 PDT"]
[Termination "Shankland won by resignation"]

1. d4 d5 2. Nf3 Nf6 3. c3 c6 4. Bf4 Bg4 5. Nbd2 Nbd7 6. e3 e6 7. Be2 Nh5 8. Bg3 Nxg3 9. hxg3 Bd6 10. Nh4 Bxe2 11. Qxe2 Qe7 12. a3 O-O-O 13. O-O-O Nb6 14. Kc2 Kb8 15. c4 c5 16. cxd5 cxd4 17. dxe6 Bxa3 18. exd4 Rc8+ 19. Kb1 Bxb2 20. Nb3 Na4 21. Qe5+ Ka8 0-1

[Event "Late-Titled-Tuesday-Blitz-April-16-2024"]
[Site "Chess.com"]
[Date "2024.04.16"]
[Round "3"]
[White "StopLookingAtMyProfile"]
[Black "masnyszachistaaa"]
[Result "0-1"]
[WhiteElo "2336"]
[BlackElo "2571"]
[TimeControl "180+1"]
[EndTime "14:24:33 PDT"]
[Termination "masnyszachistaaa won by resignation"]

1. e4 e5 2. Nf3 Nc6 3. Bc4 Be7 4. d4 exd4 5. Nxd4 d6 6. Nc3 Nf6 7. O-O O-O 8. h3 Re8 9. Re1 Bf8 10. Bg5 h6 11. Bh4 Ne5 12. Bf1 Ng6 13. Bg3 Bd7 14. f4 c5 15. Nf5 Bxf5 16. exf5 Rxe1 17. Qxe1 Ne7 18. Bh4 Nxf5 19. Bxf6 Qxf6 20. Nd5 Qd4+ 0-1

[Event "Late-Titled-Tuesday-Blitz-April-16-2024"]
[Site "Chess.com"]
[Date "2024.04.16"]
[Round "3"]
[White "FabianoCaruana"]
[Black "Andrii_Prydun"]
[Result "1-0"]
[WhiteElo "3075"]
[BlackElo "2358"]
[TimeControl "180+1"]
[EndTime "14:24:38 PDT"]
[Termination "FabianoCaruana won by checkmate"]

1. g3 e5 2. Bg2 d5 3. b3 Be6 4.
Bb2 Bd6 5. Nf3 f6 6. d3 Ne7 7.
O-O Nd7 8. Nbd2 O-O 9. e4 d4 10.
Nc4 Bxc4 11. bxc4 a5 12. h4 a4 13. Bh3 a3 14. Bc1 Nc5 15. h5 Na4 16. Nh4 Nc3 17. Be6+ Kh8 18. Qg4 Qe8 19. Kg2 Ra6 20.
Ng6+ Nxg6 21. hxg6 Bc5 22. Rh1 h6 23. Bxh6 Qxe6 24. Bf4+ Kg8 25. Rh8+ Kxh8 26. Rh1+ Kg8 27. Rh8+ Kxh8 28. Qh5+ Kg8 29. Qh7# 1-0

[Event "Late-Titled-Tuesday-Blitz-April-16-2024"]
[Site "Chess.com"]
[Date "2024.04.16"]
[Round "3"]
[White "ExchangeAB"]
[Black "lluiss"]
[Result "1-0"]
[WhiteElo "2399"]
[BlackElo "2117"]
[TimeControl "180+1"]
[EndTime "14:24:50 PDT"]
[Termination "ExchangeAB won by resignation"]

1. c4 Nf6 2. d3 g6 3. g3 Bg7 4. Bg2 O-O 5. Nc3 c6 6. Nf3 d5 7. O-O d4 8. Ne4 Nxe4 9. dxe4 c5 10. Ne1 Nc6 11. Nd3 Qd6 12. a3 e5 13. Rb1 Be6 14.
Qc2 a5 15. b3 b6 16. Bd2 Qd7 17. Rfc1 Bh3 18. b4 Bxg2 19. Kxg2 cxb4 20. axb4 f5 21. Ne1 axb4 22. Bxb4 Nxb4 23. Rxb4 Ra6 24. Rb5 Rc8 25. exf5 Qxf5 26. f3 Ra4 27. Qxa4 1-0

[Event "Late-Titled-Tuesday-Blitz-April-16-2024"]
[Site "Chess.com"]
[Date "2024.04.16"]
[Round "3"]
[White "rynos0411"]
[Black "arturdailima"]
[Result "1-0"]
[WhiteElo "2601"]
[BlackElo "2409"]
[TimeControl "180+1"]
[EndTime "14:24:53 PDT"]
[Termination "rynos0411 won by resignation"]

1. d4 Nf6 2. c4 e6 3. Nf3 d5 4. g3 c5 5. cxd5 cxd4 6. Qa4+ Bd7 7. Qxd4 Nxd5 8. Bg2 Nc6 9. Qd1 Bb4+ 10. Nbd2 O-O 11.
O-O e5 12. Nc4 Nde7 13. Nfxe5 Be6 14. a3 Bc5 15. Nxc6 bxc6 16. Be3 Bxe3 17. Nxe3 Qb6 18. Qc2 Nd5 19. Nc4 Qc5 20. Rac1 Rab8 21. b4 Qe7 22.
Ne5 Rfc8 23. Rfd1 Qd6 24. Nxc6 Rxc6 25. Qxc6 1-0

[Event "Late-Titled-Tuesday-Blitz-April-16-2024"]
[Site "Chess.com"]
[Date "2024.04.16"]
[Round "3"]
[White "Indefatigable11"]
[Black "AlphaGoosee"]
[Result "0-1"]
[WhiteElo "2367"]
[BlackElo "2584"]
[TimeControl "180+1"]
[EndTime "14:25:06 PDT"]
[Termination "AlphaGoosee won by resignation"]

1. Nf3 d5 2. g3 Nf6 3. Bg2 c6 4. O-O Bg4 5. c4 e6 6. d4 Nbd7 7. Qc2 Be7 8. b3 O-O 9. Ba3 Bf5 10. Qc1 h6 11. Bxe7 Qxe7 12. Nc3 Bh7 13. Nd2 Rfd8 14.
Rd1 a5 15. e4 dxe4 16. Ndxe4 Nxe4 17. Nxe4 Nf6 18. Nc3 Rd7 19. Qf4 Rad8 20. Na4 e5 21. Qe3 exd4 22. Qd2 d3 23. Qxa5 d2 24. Nc5 Rd4 25.
Qb6 Bc2 26. Nxb7 Bxd1 27. Rxd1 Qe1+ 28. Rxe1 dxe1=Q+ 29. Bf1 Rd1 30. Qxd8+ Rxd8 31. Nxd8 Ne4 0-1

[Event "Late-Titled-Tuesday-Blitz-April-16-2024"]
[Site "Chess.com"]
[Date "2024.04.16"]
[Round "3"]
[White "Slovineanu"]
[Black "XDPS"]
[Result "0-1"]
[WhiteElo "2492"]
[BlackElo "2817"]
[TimeControl "180+1"]
[EndTime "14:25:17 PDT"]
[Termination "XDPS won by resignation"]

1. d4 d5 2. Nf3 Nf6 3. c4 c6 4.
e3 e6 5. Nbd2 Nbd7 6. Bd3 b6 7.
O-O Bb7 8. b3 Be7 9. Bb2 O-O 10.
Qe2 Qc7 11. Rac1 Rad8 12. Rfd1 Qb8 13. Ne5 Nxe5 14. dxe5 Nd7 15. f4 Rfe8 16. Nf3 Nf8 17. f5 exf5 18. Bxf5 dxc4 19. bxc4 c5 20. e4 Rxd1+ 21.
Rxd1 Rd8 22. Rd5 Bc6 23. Bc1 h6 24. Bf4 Ne6 25. Bg3 b5 26. h4 bxc4 27. Qxc4 Qb1+ 28. Kh2 Bxd5 29. exd5 Qxf5 0-1

[Event "Late-Titled-Tuesday-Blitz-April-16-2024"]
[Site "Chess.com"]
[Date "2024.04.16"]
[Round "3"]
[White "FMOlexandrProhorov"]
[Black "Levanzovsky"]
[Result "1-0"]
[WhiteElo "2290"]
[BlackElo "2480"]
[TimeControl "180+1"]
[EndTime "14:25:18 PDT"]
[Termination "FMOlexandrProhorov won by resignation"]

1. e4 e5 2. Nf3 Nc6 3. c3 Nf6 4. d4 Nxe4 5. dxe5 d5 6. exd6 Bxd6 7. Bd3 Nf6 8. O-O O-O 9. h3 h6 10. Re1 Re8 11. b4 Be6 12. Na3 Nh5 13. Qc2 Qf6 14. Nb5 Nf4 15. Nxd6 cxd6 16. Bxf4 Qxf4 17. Re4 Qf6 18.
Rae1 d5 19. R4e2 d4 20. b5 Ne7 21. Nxd4 Nd5 22. Nxe6 fxe6 23. Qd2 Nf4 24. Re3 Rad8 25. Qc2 Qg5 26. Bf1 e5 27. Qe4 b6 28. g3 Nd5 29. Bc4 1-0